 Dungeon Crawl Stone Soup version 0.19.1 (console) character file.

94 Kloppie the Twirler (level 4, -2/37 HPs)
             Began as a Formicid Fighter on Nov 25, 2016.
             Slain by BoredOne's ghost (6 damage)
             ... on level 3 of the Dungeon.
             The game lasted 00:02:18 (1771 turns).

Kloppie the Twirler (Formicid Fighter)              Turns: 1771, Time: 00:02:19

Health: -2/37      AC:  8    Str: 25    XL:     4   Next: 94%
Magic:  4/4        EV:  8    Int:  8    God:
Gold:   95         SH: 10    Dex: 11    Spells: 0 memorised, 3 levels left

rFire  . . .     SeeInvis +     a - +0 quarterstaff
rCold  . . .     Gourm    .     b - +0 scale mail
rNeg   . . .     Faith    .     c - +0 shield
rPois  .         Spirit   .     (helmet unavailable)
rElec  .         Reflect  .     (no cloak)
rCorr  .         Harm     .     w - +0 pair of gloves
MR     .....                    (no boots)
Stlth  ..........               (no amulet)
                                (no ring)
                                (no ring)

@: mighty
A: permanent stasis, dig shafts and tunnels, four strong arms, antennae 3
a: Dig, Shaft Self


You were on level 3 of the Dungeon.
You were not hungry.

You visited 1 branch of the dungeon, and saw 3 of its levels.

You collected 95 gold pieces.

Inventory:

Hand Weapons
 a - a +0 quarterstaff (weapon)
Armour
 b - a +0 scale mail (worn)
 c - a +0 shield (worn)
 w - a +0 pair of gloves (worn)
Jewellery
 l - an uncursed ring of poison resistance {unknown}
Scrolls
 e - 2 scrolls of immolation {unknown}
 i - 3 scrolls of identify {unknown}
 p - a scroll of fear {unknown}
 q - a scroll of blinking {unknown}
 s - a scroll of recharging {unknown}
 t - a scroll of noise {unknown}
 x - a scroll of amnesia {unknown}
Potions
 d - 2 potions of might
 j - 3 potions of curing {unknown}
 k - 2 potions of lignification {unknown}
 n - a potion of beneficial mutation {unknown}
 o - 2 potions of mutation {unknown}
 r - a potion of berserk rage {unknown}
 u - a potion of cure mutation {unknown}
 v - a potion of flight {unknown}
 z - a potion of heal wounds {unknown}
 A - a potion of agility {unknown}
Comestibles
 f - 2 bread rations
 g - 2 fruits
 h - 12 chunks of flesh
 m - a beef jerky


   Skills:
 + Level 4.0 Fighting
 * Level 4.2 Staves
 - Level 3.2 Armour
 - Level 3.6 Shields


You had 3 spell levels left.
You didn't know any spells.

Dungeon Overview and Level Annotations

Branches:
Dungeon (3/15)

Altars:
Nemelex Xobeh

Annotations:
D:3 BoredOne's ghost, amateur DrTm


Innate Abilities, Weirdness & Mutations

You are under a permanent stasis effect.
You can dig through walls and to a lower floor.
Your four strong arms can wield two-handed weapons with a shield.
You have a pair of large antennae on your head. (SInv)


Message History

BoredOne's ghost hits you but does no damage.
You block BoredOne's ghost's attack.
You hit BoredOne's ghost.
BoredOne's ghost is moderately damaged.
You block BoredOne's ghost's attack.
You sock BoredOne's ghost!
BoredOne's ghost is heavily damaged.
You block BoredOne's ghost's attack.
You barely miss BoredOne's ghost.
BoredOne's ghost is heavily damaged.
BoredOne's ghost hits you.
* * * LOW HITPOINT WARNING * * *
You barely miss BoredOne's ghost.
BoredOne's ghost is heavily damaged.
BoredOne's ghost hits you.
* * * LOW HITPOINT WARNING * * *
You barely miss BoredOne's ghost.
BoredOne's ghost is heavily damaged.
BoredOne's ghost hits you.
You die...

.. ## # ..#.#
##.###. #..#.#
##>..#. #..##.#
#......#.#.##.# #
#....#.##.##.# .##
#..W..##.#..##...#
#..@#.##.......#..
#...#.##.#.)##...##
#.$...##.#.....# ..
#..........####.# .
#........### #.#
#.....#### #.# ##
##....# #.# #.
#.##.# #.# #.
#.##.# #.# #.


You could see BoredOne's ghost.

Vanquished Creatures
  2 adders (D:3)
  4 worms
  2 ball pythons (D:2)
  4 giant cockroaches
  5 goblins
  6 hobgoblins
  14 jackals
  6 kobolds
  A quokka (D:2)
  6 bats
  5 frilled lizards
  2 rats (D:2)
57 creatures vanquished.

Notes
Turn   | Place    | Note
-------+----------+-------------------------------------------
     0 | D:1      | Kloppie the Formicid Fighter began the quest for the Orb.
     0 | D:1      | Reached XP level 1. HP: 18/18 MP: 1/1
   248 | D:1      | Reached XP level 2. HP: 24/24 MP: 2/2
   759 | D:1      | Reached XP level 3. HP: 23/30 MP: 3/3
  1124 | D:2      | Reached XP level 4. HP: 37/37 MP: 4/4
  1193 | D:2      | Found a sparkling altar of Nemelex Xobeh.
  1752 | D:3      | Noticed BoredOne's ghost (amateur DrTm)
  1771 | D:3      | Slain by BoredOne's ghost

Skill      XL: |  1  2  3  4 |
---------------+-------------+-----
Staves         | 3 4 |  4.2
Fighting       | 4 |  4.0
Armour         | |  3.2
Shields        | |  3.6

Action                   |  1- 3 |  4- 6 || total
-------------------------+-------+-------++-------
Melee: Quarterstaff      |   109 |    93 ||   202
  Use: Potion            |       |     1 ||     1
  Eat: Chunk             |     1 |     2 ||     3
Armor: Scale mail        |    57 |    29 ||    86
Dodge: Dodged            |    37 |    22 ||    59
Block: Shield            |    51 |    49 ||   100
